 Dungeon Crawl Stone Soup version 0.21.1-1-g345015fe64 (webtiles) character file.

261 Plasmo the Firebug (level 6, -6/39 HPs)
             Began as an Octopode Fire Elementalist on June 23, 2018.
             Killed by divine providence
             ... invoked by an orc priest
              (15 damage)
             ... on level 4 of the Dungeon.
             The game lasted 00:19:42 (3609 turns).

Plasmo the Firebug (Octopode Fire Elementalist)     Turns: 3609, Time: 00:19:43

Health: -6/39      AC:  1    Str:  9    XL:     6   Next: 18%
Magic:  10/10      EV: 16    Int: 18    God:
Gold:   223        SH:  0    Dex: 12    Spells: 6/10 levels left

rFire    . . .     SeeInvis .   f - +0 whip (drain)
rCold    . . .     Gourm    .   (no shield)
rNeg     . . .     Faith    .   (helmet restricted)
rPois    .         Spirit   .   (no amulet)
rElec    .         Reflect  .   j - +2 ring of evasion
rCorr    .         Harm     .   (no ring)
MR       .....                  (no ring)
Stlth    ++........             (no ring)
HPRegen  0.13/turn              (no ring)
MPRegen  0.12/turn              (no ring)
                                (no ring)
                                (no ring)

@: confused, hasted, very quick
A: almost no armour, stealthy swim, amphibious, 8 rings, constrict 8, camouflage
1, gelatinous body 1
a: no special abilities


You were on level 4 of the Dungeon.
You were not hungry.

You visited 1 branch of the dungeon, and saw 4 of its levels.

You collected 223 gold pieces.

Inventory:

Hand Weapons
 f - a +0 whip of draining (weapon)
 l - a +0 blowgun
Missiles
 d - 5 large rocks
 i - 33 poisoned needles
Magical Staves
 k - an uncursed staff of wizardry
Jewellery
 j - a +2 ring of evasion (left tentacle)
Scrolls
 c - 2 scrolls of identify
 h - 2 scrolls of remove curse
 m - a scroll of magic mapping
 o - a scroll of enchant armour {unknown}
Books
 a - a book of Flames

   Spells                             Type                      Level
   a - Flame Tongue                   Conjuration/Fire             1
   b - Throw Flame                    Conjuration/Fire             2
   c - Conjure Flame                  Conjuration/Fire             3
   d - Inner Flame                    Hexes/Fire                   3
   e - Sticky Flame                   Conjuration/Fire             4
   f - Fireball                       Conjuration/Fire             5
 e - a book of Cantrips

   Spells                             Type                      Level
   a - Confusing Touch                Hexes                        1
   b - Animate Skeleton               Necromancy                   1
   c - Summon Small Mammal            Summoning                    1
   d - Apportation                    Translocation                1
 p - a book of Necromancy

   Spells                             Type                      Level
   a - Pain                           Necromancy                   1
   b - Animate Skeleton               Necromancy                   1
   c - Vampiric Draining              Necromancy                   3
   d - Regeneration                   Charms/Necromancy            3
   e - Animate Dead                   Necromancy                   4
   f - Borgnjor's Vile Clutch         Necromancy/Earth             5
Comestibles
 b - 7 rations


   Skills:
 * Level 1.8 Fighting
 + Level 1.2 Maces & Flails
 + Level 1.1 Throwing
 * Level 3.1 Dodging
 + Level 3.5 Stealth
 + Level 1.1 Unarmed Combat
 * Level 2.9 Spellcasting
 * Level 2.1 Conjurations
 * Level 3.7 Fire Magic


You had 6 spell levels left.
You knew the following spells:

 Your Spells              Type           Power        Failure   Level  Hunger
a - Flame Tongue          Conj/Fire      ##...        4%          1    None
b - Conjure Flame         Conj/Fire      ##......     14%         3    ###....


Dungeon Overview and Level Annotations

Branches:
Dungeon (4/15)
 Temple: D:4-7

Altars:
Ashenzari
Elyvilon
Ru
Sif Muna
Trog
Uskayaw


Innate Abilities, Weirdness & Mutations

You cannot wear most types of armour.
You are very stealthy in the water. (Stealth+)
You are amphibious.
You can wear up to eight rings at the same time.
You can use your tentacles to constrict eight enemies at once.
Your skin changes colour to match your surroundings (Stealth+).
Your rubbery body absorbs attacks. (AC +1, EV +1)


Message History

* * * LOW HITPOINT WARNING * * *
The orc priest hits you with an enchanted mace.
* * * LOW HITPOINT WARNING * * *
The orc hits you but does no damage.
You hear some strange, mumbled words.
Something tries to affect you, but you resist.
Things that are here:
a hand axe; an orc corpse You hit the orc priest.
The orc priest is almost dead.
The orc priest completely misses you.
An ogre comes into view. It is wielding a giant club.
Something hits you.
* * * LOW HITPOINT WARNING * * *
You miss the orc priest.
The orc priest is almost dead.
The orc closely misses you.
The orc priest mumbles some strange prayers to Beogh against you.
Beogh smites you!
You die...

###.# .#...# .#O..# #..... ....
#....# #..# ###..P# #P.# .....#
#..# #...####..###+# ..#
######.........o@..##+##+#..# #
..(..##........o{8..........##.#
####.##....###+#.))..........#.#
#)##.#'## #'##..##+#......
####.##.#.)# #..#).# #....#
........#).# #..#..# #....#
####....###########..####....#
###.......................#
#......#####..####......#


You could see an orc priest and an orc.

Vanquished Creatures
  An ogre (D:4)
  Crazy Yiuf (D:3)
  3 gnolls (D:4)
  3 adders
  An ooze (D:3)
  3 worms
  A dart slug (D:1)
  5 leopard geckos
  2 orcs (D:4)
  2 ball pythons
  4 giant cockroaches
  3 goblins
  6 hobgoblins
  4 jackals (D:2)
  2 quokkas
  4 bats
  5 frilled lizards
  18 kobolds
  8 rats
  A plant (D:1)
77 creatures vanquished.

Notes
Turn   | Place    | Note
-------+----------+-------------------------------------------
     0 | D:1      | Plasmo the Octopode Fire Elementalist began the quest for the Orb.
     0 | D:1      | Reached XP level 1. HP: 11/11 MP: 3/3
   161 | D:1      | Reached XP level 2. HP: 9/18 MP: 5/5
   734 | D:1      | Reached XP level 3. HP: 22/22 MP: 6/6
  1150 | D:1      | Learned a level 3 spell: Conjure Flame
  1246 | D:2      | Found a deep blue altar of Sif Muna.
  1248 | D:2      | Found a white marble altar of Elyvilon.
  1252 | D:2      | Found a hide-covered altar of Uskayaw.
  1252 | D:2      | Found a sacrificial altar of Ru.
  1254 | D:2      | Found a shattered altar of Ashenzari.
  1446 | D:2      | Reached skill level 1 in Fighting
  1446 | D:2      | Reached XP level 4. HP: 24/28 MP: 2/7
  2232 | D:3      | Found a bloodstained altar of Trog.
  2974 | D:3      | Found a runed door.
  2978 | D:3      | Noticed Crazy Yiuf
  2989 | D:3      | Killed Crazy Yiuf
  2989 | D:3      | Reached skill level 1 in Maces & Flails
  2989 | D:3      | Reached XP level 5. HP: 33/33 MP: 0/9
  3192 | D:4      | Noticed an ogre
  3209 | D:4      | Killed an ogre
  3209 | D:4      | Reached skill level 1 in Throwing
  3209 | D:4      | Reached skill level 1 in Unarmed Combat
  3209 | D:4      | Reached XP level 6. HP: 21/39 MP: 0/10
  3609 | D:4      | Killed from afar by an orc priest

Skill      XL: |  1  2  3  4  5 |
---------------+----------------+-----
Fighting       | 1 |  1.8
Stealth        | 3 |  3.5
Maces & Flails | 1 |  1.2
Throwing       | 1 |  1.1
Dodging        | 3 |  3.1
Unarmed Combat | 1 |  1.1
Conjurations   | 2 |  2.1
Spellcasting   | |  2.9
Fire Magic     | |  3.7

Action                   |  1- 3 |  4- 6 || total
-------------------------+-------+-------++-------
Melee: Unarmed           |    12 |       ||    12
       Tentacles         |     7 |     9 ||    16
       Constrict         |    19 |    15 ||    34
       Whip              |    66 |    74 ||   140
       Punch             |       |     1 ||     1
 Fire: Blowgun           |       |    12 ||    12
 Cast: Flame Tongue      |    23 |    24 ||    47
       Conjure Flame     |     1 |     5 ||     6
  Use: Potion            |     1 |     3 ||     4
       Scroll            |       |     8 ||     8
 Stab: Sleeping          |    10 |    10 ||    20
  Eat: Chunk             |     2 |     6 ||     8
       Ration            |       |     1 ||     1
Armor: Skin              |     5 |     4 ||     9
Dodge: Dodged            |    37 |    44 ||    81
